 Dungeon Crawl Stone Soup version 0.31.0-32-g396128a36d (webtiles) character file.

Game seed: 10196068482727499547

3852 lonewolfV2 the Fighter (level 10, -7/80 HPs)
             Began as a Formicid Fighter on Mar 11, 2024.
             Was an Initiate of Qazlal.
             Mangled by a two-headed ogre
             ... wielding a +0 giant spiked club
              (18 damage)
             ... on level 9 of the Dungeon.
             The game lasted 00:20:02 (9374 turns).

lonewolfV2 the Fighter (Formicid Fighter)           Turns: 9374, Time: 00:20:04

Health: -7/80      AC: 16    Str: 23    XL:     10   Next: 41%
Magic:  14/14      EV:  6    Int:  8    God:    Qazlal [......]
Gold:   437        SH:  6    Dex: 15    Spells: 9/9 levels left

rFire   . . .        z - +3 battleaxe
rCold   . . .        c - +0 buckler
rNeg    . . .        j - +0 plate armour
rPois   .            (helmet unavailable)
rElec   .            (no cloak)
rCorr   .            i - +0 pair of gloves
SInv    +            b - +0 pair of boots
Will    ++...        (no amulet) Stlth
                     u - ring of willpower
HPRegen 0.33/turn    (no ring)
MPRegen 0.14/turn

%: no passive effects
@: no status effects
A: permanent stasis, dig shafts and tunnels, antennae 3, four strong arms
a: Dig, Shaft Self, Renounce Religion


You were on level 9 of the Dungeon.
You worshipped Qazlal.
Qazlal was noncommittal.
You visited 2 branches of the dungeon, and saw 10 of its levels.
You also visited: Ossuary.

You collected 437 gold pieces.

Inventory:

Hand Weapons
 a - a +0 war axe
 z - a +3 battleaxe (weapon)
Armour
 b - a +0 pair of boots (worn)
 c - a +0 buckler (worn)
 i - a +0 pair of gloves (worn)
 j - a +0 plate armour (worn)
Jewellery
 u - a ring of willpower (left hand)
 B - an amulet of reflection
Wands
 d - a wand of acid (14)
 q - a wand of flame (8)
 t - a wand of mindburst (9)
 v - a wand of polymorph (8)
 w - a wand of iceblast (8)
Scrolls
 h - 2 scrolls of immolation
 o - 2 scrolls of poison
 x - a scroll of torment
 y - 2 scrolls of identify
Potions
 e - a potion of attraction
 f - 2 potions of haste
 g - 4 potions of enlightenment
 k - a potion of curing
 l - 2 potions of brilliance
 m - 4 potions of heal wounds
 n - 2 potions of lignification
 p - a potion of degeneration
 r - 3 potions of ambrosia
 s - 2 potions of mutation
 A - 3 potions of might


   Skills:
 - Level 8.0 Fighting
 - Level 8.0 Axes
 - Level 8.0 Armour
 - Level 8.0 Shields
 * Level 6.5 Invocations


You had 9 spell levels left.
You didn't know any spells.
Your spell library contained the following spells:

 Spells                   Type           Power      Damage    Failure   Level
 Freeze                   Ice            0%         1d3       100%        1
 Ensorcelled Hibernation  Hex/Ice        0%         N/A       100%        2
 Mercury Vapours          Alch/Air       0%         N/A       100%        2
 Call Canine Familiar     Summ           0%         N/A       100%        3
 Frozen Ramparts          Ice            0%         1d1       100%        3
 Fugue of the Fallen      Necr           0%         N/A       100%        3
 Hailstorm                Conj/Ice       0%         3d5       100%        3
 Mephitic Cloud           Conj/Alch/Air  0%         N/A       100%        3
 Sigil of Binding         Hex            0%         N/A       100%        3
 Summon Ice Beast         Ice/Summ       0%         N/A       100%        3
 Anguish                  Hex/Necr       0%         N/A       100%        4
 Dimensional Bullseye     Hex/Tloc       0%         N/A       100%        4
 Freezing Cloud           Conj/Ice/Air   0%         6-21      100%        5
 Summon Mana Viper        Hex/Summ       0%         N/A       100%        5
 Conjure Ball Lightning   Conj/Air       0%         3x3d6     100%        6
 Monstrous Menagerie      Summ           0%         N/A       100%        7
 Discord                  Hex            0%         N/A       100%        8
 Disjunction              Tloc           0%         N/A       100%        8


Dungeon Overview and Level Annotations

Branches:
Dungeon (9/15)             Temple (1/1) D:7         Ossuary (visited)
   Lair: D:8-11         Orc: D:9-12

Altars:
Ashenzari
Dithmenos
Fedhas
Gozag
Hepliaklqana
Kikubaaqudgha
Makhleb
Nemelex Xobeh
Qazlal
Ru
Sif Muna
Trog
Uskayaw
Vehumet
Wu Jian
Xom
Yredelemnul
Zin
The Shining One


Innate Abilities, Weirdness & Mutations

You cannot be hasted, slowed, berserked, paralysed or teleported.
You can dig through walls and to a lower floor.
You have a pair of large antennae on your head. (SInv)
Your four strong arms can wield two-handed weapons with a shield.


Message History

You hear a croak.
You hear a shout!
You block the orc warrior's attack. The wight hits you but does no damage.
The orc hits you with a +0 short sword.
Aiming: Iceblast
Press: ? - help, Q - select action, (/) - cycle Shift-Dir - straight line, f - two-headed ogre
Aim: a two-headed ogre, wielding a +0 giant spiked club and a +0 great mace of protection (lightly wounded)
The mass of ice explodes!
The iceblast engulfs the two-headed ogre!
The two-headed ogre is moderately wounded.
The iceblast engulfs the orc warrior.
The orc warrior is lightly wounded.
The wight hits you but does no damage.
The orc warrior hits you from afar with a +0 halberd!
The orc barely misses you.
You slash the two-headed ogre!
The two-headed ogre is moderately wounded.
You hit the wight.
You destroy the wight!
Qazlal accepts your kill.
You hit the orc but do no damage.
The orc warrior hits you but does no damage.
The orc hits you but does no damage.
The two-headed ogre completely misses you.
You block the two-headed ogre's attack. The orc barely misses you.
The orc warrior hits you but does no damage.
You slice the two-headed ogre!!
The two-headed ogre is severely wounded.
You hit the orc.
The two-headed ogre hits you with a +0 giant spiked club!!
The two-headed ogre hits you with a +0 great mace of protection!
* * * LOW HITPOINT WARNING * * *
You block the orc warrior's attack. The orc hits you but does no damage.
You slash the two-headed ogre!
The two-headed ogre is almost dead.
You barely miss the orc.
The orc warrior hits you from afar with a +0 halberd.
* * * LOW HITPOINT WARNING * * *
The orc hits you but does no damage.
The two-headed ogre hits you with a +0 giant spiked club!!
You die...

.....+ ...?.#
##.
#....#..). #.
#....#.... #.
#.........
#..
#...).8...
#..
#.))......
#...#.@Oo#,,
##...#.o..#
#....'....###
#....#......#
#....#......#
#... #......#
#...
#......####
#..
#....<.#..##
#..
#......#...#


You could see a two-headed ogre, an orc warrior and an orc.

Vanquished Creatures
  The ghost of Waters the Chiller, a novice DsIE (D:4)
  Prince Ribbit (D:8)
  Grinder (D:4)
  A steam dragon (D:7)
  A sky beast (D:7)
  A black bear (D:6)
  3 centaurs
  An ogre (D:5)
  A phantom (D:4)
  2 elf zombies (Ossuary)
  3 bullfrogs
  A kobold brigand (D:7)
  3 scorpions (D:5)
  11 wights
  6 killer bees (D:8)
  2 centaur zombies (Ossuary)
  A jelly (D:6)
  4 bombardier beetles
  3 hounds (D:4)
  5 orc priests
  5 sleepcaps
  4 orc wizards
  5 hound zombies (Ossuary)
  2 mummies (Ossuary)
  6 gnolls
  10 adders
  3 white imps (D:6)
  An ufetubus (D:5)
  5 adder zombies (Ossuary)
  5 dart slugs
  26 orcs
  8 endoplasms
  4 giant cockroaches
  8 gnoll zombies (Ossuary)
  2 goblins
  7 hobgoblins
  6 jackals
  12 kobolds
  A quokka (D:3)
  6 ball pythons
  5 bats (D:1)
  2 frilled lizards (D:1)
  6 jackal zombies (Ossuary)
  5 kobold zombies (Ossuary)
  4 orc zombies (Ossuary)
  6 rats
206 creatures vanquished.

Vanquished Creatures (others)
  2 orcs (D:7)
  A kobold (D:7)
3 creatures vanquished.

Grand Total: 209 creatures vanquished

Notes
Turn   | Place    | Note
-------+----------+-------------------------------------------
     0 | D:1      | lonewolfV2 the Formicid Fighter began the quest for the
                  | Orb.
     0 | D:1      | Reached XP level 1. HP: 18/18 MP: 1/1
    37 | D:1      | Reached XP level 2. HP: 17/24 MP: 2/2
   230 | D:1      | Reached XP level 3. HP: 23/30 MP: 3/3
  1033 | D:2      | Reached XP level 4. HP: 23/37 MP: 4/4
  1288 | D:2      | Reached XP level 5. HP: 32/42 MP: 5/5
  1986 | D:3      | Found a bloodstained altar of Trog.
  2310 | D:4      | Noticed Grinder
  2333 | D:4      | Killed Grinder
  2334 | D:4      | Reached skill level 5 in Fighting
  2334 | D:4      | Reached skill level 5 in Axes
  2334 | D:4      | Reached XP level 6. HP: 38/51 MP: 6/6
  2437 | D:4      | Reached XP level 7. HP: 54/56 MP: 7/7
  2474 | D:4      | Noticed Waters's ghost (novice DsIE)
  2479 | D:4      | Found a runed translucent gate.
  2479 | D:4      | Found a runed translucent gate.
  2479 | D:4      | Found a runed translucent gate.
  2584 | D:4      | Found a shimmering blue altar of Sif Muna.
  3120 | D:4      | Killed Waters's ghost
  3121 | D:4      | Reached XP level 8. HP: 26/65 MP: 8/8
  3288 | D:5      | Entered Level 5 of the Dungeon
  3878 | D:5      | Found a basalt altar of Yredelemnul.
  3884 | D:5      | Found a shadowy altar of Dithmenos.
  3885 | D:5      | Found a hide-covered altar of Uskayaw.
  4612 | D:6      | Found a sand-covered staircase.
  4617 | Ossuary  | Entered an ossuary
  4677 | Ossuary  | Reached XP level 9. HP: 58/74 MP: 9/9
  4851 | Ossuary  | Reached skill level 5 in Shields
  5197 | D:6      | Reached skill level 5 in Armour
  7271 | D:7      | Reached XP level 10. HP: 34/80 MP: 10/10
  7604 | D:7      | Found a staircase to the Ecumenical Temple.
  7621 | Temple   | Entered the Ecumenical Temple
  7717 | Temple   | Became a worshipper of Qazlal Stormbringer
  7845 | D:8      | Noticed Prince Ribbit
  7877 | D:8      | Reached skill level 1 in Invocations
  7886 | D:8      | Killed Prince Ribbit
  8255 | D:8      | Reached skill level 5 in Invocations
  8593 | D:8      | Identified the +0 leather armour of the Guardian {Str+5
                  | Dex-2}
  9366 | D:9      | Noticed a two-headed ogre
  9374 | D:9      | Mangled by a two-headed ogre

Illustrated notes

Levels and vault maps discovered:
D:1:      kennysheep_arrival_seaside, layout_rooms, minmay_vboxes
D:2:      layout_basic, minmay_pentomino_o4
D:3:      layout_rooms, mainiacjoe_overflow_surrounded_room
D:4:      layout_loops_ring, mainiacjoe_overflow_cross_hatched,
          gammafunk_ghost_split, kennysheep_boxes, uniq_grinder
D:5:      layout_basic, minitemple, kennysheep_opposing_triangles
D:6:      layout_basic, enter_ossuary_2
D:7:      layout_cave_pools, minmay_temple_entry_proselytizer
D:8:      layout_basic, uniq_prince_ribbit1
D:9:      layout_gridville, erik_lair_island, david_orc_2,
          hellmonk_ghost_big_iron
Temple:   eino_temple_water

Skill      XL: |  1  2  3  4  5  6  7  8  9 10 |
---------------+-------------------------------+-----
Axes           | 3 4 5 7 8 |  8.0
Fighting       | 4 5 6 8 |  8.0
Armour         | 4 7 8 |  8.0
Shields        | 7 8 |  8.0
Invocations    | 6 |  6.5

Action                     |  1- 3 |  4- 6 |  7- 9 | 10-12 || total
---------------------------+-------+-------+-------+-------++-------
  Melee: War axe           |   102 |    97 |   392 |    43 ||   634
         Battleaxe         |       |       |       |    58 ||    58
Ability: Dig               |       |     1 |     1 |       ||     2
  Evoke: Wand              |       |       |       |     2 ||     2
    Use: Scroll            |     1 |     5 |     9 |     1 ||    16
         Potion            |       |       |     2 |       ||     2
 Armour: Scale mail        |    75 |    32 |       |       ||   107
         Plate armour      |       |    36 |   414 |   126 ||   576
  Dodge: Dodged            |    42 |    40 |   109 |    34 ||   225
  Block: Buckler           |    26 |    26 |   131 |    50 ||   233
